 Dungeon Crawl Stone Soup version 0.25-a0-435-g4b9beb1024 (webtiles) character file.

Game seed: 4778750655435458297, levelgen mode: deterministic

4456 Lukey the Skirmisher (level 10, -7/88 HPs)
             Began as a Centaur Air Elementalist on Jan 27, 2020.
             Mangled by a yak (12 damage)
             ... on level 9 of the Dungeon on Jan 29, 2020.
             The game lasted 02:18:50 (11692 turns).

Lukey the Skirmisher (Centaur Air Elementalist)    Turns: 11692, Time: 02:18:50

Health: -7/88      AC:  6    Str: 11    XL:     10   Next: 15%
Magic:  14/19      EV:  9    Int: 17    God:
Gold:   587        SH:  0    Dex: 10    Spells: 11/21 levels left

rFire    . . .     SeeInvis .   r - +4 spear (venom)
rCold    . . .     Gourm    .   (no shield)
rNeg     + . .     Faith    .   t - +1 robe
rPois    .         Spirit   .   i - +1 hat
rElec    .         Reflect  .   (no cloak)
rCorr    .         Harm     .   (no gloves)
MR       +....                  (no barding)
Stlth    +.........             p - amulet of rage
HPRegen  0.24/turn              g - ring of positive energy
MPRegen  0.16/turn              I - ring of protection from magic

@: very quick
A: large, hooves 3, deformed body, speed 2, tough skin 3
a: Evoke Berserk Rage


You were on level 9 of the Dungeon.
You were not hungry.

You visited 2 branches of the dungeon, and saw 11 of its levels.

You collected 587 gold pieces.

Inventory:

Hand Weapons
 b - a +1 dagger of protection
 j - a +0 club
 r - a +4 spear of venom (weapon)
Armour
 i - a +1 hat (worn)
 l - +0 pearl dragon scales
 s - a +0 shield
 t - a +1 robe (worn)
Jewellery
 g - a ring of positive energy (left hand)
 h - an uncursed ring of poison resistance
 p - an amulet of rage (around neck)
 y - an uncursed ring of resist corrosion
 I - a ring of protection from magic (right hand)
Wands
 D - a wand of acid (4)
 H - a wand of digging (8)
Scrolls
 a - 5 scrolls of remove curse
 c - 2 scrolls of magic mapping
 m - a scroll of amnesia
 n - 2 scrolls of enchant armour
 q - 2 scrolls of enchant weapon
 u - a scroll of identify
 v - a scroll of immolation
 E - a scroll of teleportation
 G - a scroll of fog
 J - a scroll of fear
 K - a scroll of vulnerability {unknown}
Potions
 d - 2 potions of invisibility
 e - 3 potions of haste
 f - a potion of resistance {unknown}
 k - 3 potions of degeneration
 o - 2 potions of lignification
 w - 2 potions of magic
 x - 2 potions of curing
 z - a potion of berserk rage {unknown}
 A - 3 potions of might
 B - a potion of heal wounds
 F - a potion of agility
Comestibles
 C - 4 rations


   Skills:
 + Level 7.8 Fighting
 + Level 5.1 Polearms
 - Level 1.3 Dodging
 - Level 1.1 Stealth
 + Level 6.2 Spellcasting
 - Level 4.8 Conjurations
 * Level 1.4 Charms
 - Level 5.6 Air Magic


You had 11 spell levels left.
You knew the following spells:

 Your Spells              Type           Power        Failure   Level  Hunger
a - Shock                 Conj/Air       ###.         1%          1    None
b - Static Discharge      Conj/Air       ###.....     4%          3    ##.....
c - Airstrike             Air            ###.......   12%         4    ####...
d - Song of Slaying       Chrm           ##......     11%         2    None

Your spell library contained the following spells:

 Spells                   Type           Power        Failure   Level  Hunger
 Swiftness                Chrm/Air       ###.....     4%          2    None
 Infusion                 Chrm           ##..         7%          1    None
 Shroud of Golubria       Chrm/Tloc      #.....       14%         2    None
 Ozocubu's Armour         Chrm/Ice       #.......     28%         3    ##.....
 Spectral Weapon          Hex/Chrm       #.......     28%         3    ##.....
 Lightning Bolt           Conj/Air       ###.......   38%         5    #####..


Dungeon Overview and Level Annotations

Branches:
Dungeon (10/15)            Temple (1/1) D:5            Lair (0/6) D:9
    Orc: D:9-12

Altars:
Ashenzari
Cheibriados
Dithmenos
Elyvilon
Fedhas
Gozag
Hepliaklqana
Kikubaaqudgha
Makhleb
Nemelex Xobeh
Okawaru
Qazlal
Ru
Sif Muna
Trog
Uskayaw
Vehumet
Wu Jian
Xom
Yredelemnul
Zin
The Shining One

Shops:
D:6 (

Annotations:
D:4 exclusion: downstairs


Innate Abilities, Weirdness & Mutations

You have hooves in place of feet.
Armour fits poorly on your strangely shaped body.
You cover ground very quickly.
You have extremely tough skin. (AC +3)


Message History

You climb upwards.
There is a stone staircase leading down here.
You kill the yak!
Your song is almost over.
There is a stone staircase leading down here.
You climb downwards.
A troll comes into view.
The troll shouts!
The yak gores you. x3
There is a stone staircase leading up, spattered with blood here.
You can't go down here!
The yak gores you!
* * * LOW HITPOINT WARNING * * *
The yak gores you!
* * * LOW HITPOINT WARNING * * *
You climb upwards.
Your song has ended.
There is a stone staircase leading down here.
The yak gores you!
You die...

#.###.#.....P.P.P.P.P...#
#.....#........P...PPP.##
#....(#.......P...P.P..#
#.....#...##...P.PP....#
#.#...#...##.......P####
#.#...#...##...#.......#######
#.#...#...[............#......
#.#.<.#.....Y..........#.#####
#.#...#....Y>@.........#.# #
#.....##############'###.# #
#........................# #
#......##................# #
#......##.....#..........# #
#......##.....#..........#####
#.............................
##############################


You could see 2 yaks.

Vanquished Creatures
  Grinder (D:4)
  Prince Ribbit (D:5)
  Sigmund (D:4)
  3 yaks
  Menkaure (D:7)
  A porcupine (D:9)
  2 orc warriors
  4 black bears
  2 ice beasts
  3 sky beasts
  3 ogres
  4 centaurs
  A bullfrog (D:5)
  A gnoll sergeant (D:5)
  A wyvern zombie (D:7)
  2 scorpions
  A wyvern skeleton (D:9)
  5 killer bees (D:9)
  4 wights (D:8)
  2 crimson imps (D:4)
  5 hounds
  5 orc wizards
  A bullfrog skeleton (D:7)
  3 orc priests
  2 iguanas
  2 worker ants
  2 killer bee zombies
  A hound zombie (D:9)
  10 gnolls
  6 adders
  2 howler monkey skeletons
  A shadow imp (D:6)
  An ooze (D:6)
  An adder zombie (D:5)
  A worm (D:2)
  2 dart slugs
  9 leopard geckos
  29 orcs
  A ball python (D:1)
  6 giant cockroaches
  10 goblins
  6 hobgoblins
  5 jackals
  2 quokkas
  16 bats
  8 frilled lizards
  A jackal skeleton (D:7)
  8 kobolds
  A leopard gecko skeleton (D:5)
  A leopard gecko zombie (D:5)
  A quokka zombie (D:5)
  3 rats
195 creatures vanquished.

Notes
Turn   | Place    | Note
-------+----------+-------------------------------------------
     0 | D:1      | Lukey the Centaur Air Elementalist began the quest for the
                  | Orb.
     0 | D:1      | Reached XP level 1. HP: 14/14 MP: 3/3
   128 | D:1      | Reached skill level 1 in Conjurations
   259 | D:1      | Reached XP level 2. HP: 22/22 MP: 2/4
   609 | D:1      | Reached skill level 1 in Fighting
   955 | D:1      | Reached XP level 3. HP: 17/28 MP: 1/6
  1444 | D:2      | Reached XP level 4. HP: 21/35 MP: 3/7
  1863 | D:1      | Learned a level 3 spell: Static Discharge
  2588 | D:2      | Reached skill level 2 in Fighting
  2710 | D:3      | Reached XP level 5. HP: 41/41 MP: 2/8
  4119 | D:4      | Reached XP level 6. HP: 43/50 MP: 10/10
  4165 | D:4      | Noticed Sigmund
  4286 | D:4      | Killed Sigmund
  4286 | D:4      | Reached skill level 3 in Fighting
  4335 | D:4      | Reached XP level 7. HP: 54/57 MP: 4/11
  4684 | D:5      | Entered Level 5 of the Dungeon
  4686 | D:5      | Noticed Prince Ribbit
  5207 | D:5      | Noticed Grinder
  5526 | D:4      | Learned a level 4 spell: Airstrike
  5666 | D:4      | Paralysed by Grinder for 5 turns
  5678 | D:4      | Paralysed by Grinder for 6 turns
  5890 | D:4      | Paralysed by Grinder for 3 turns
  5900 | D:4      | Killed Grinder
  5900 | D:4      | Reached skill level 4 in Fighting
  5968 | D:4      | Reached skill level 5 in Air Magic
  6055 | D:5      | Reached XP level 8. HP: 48/67 MP: 8/13
  6686 | D:5      | Killed Prince Ribbit
  6686 | D:5      | Reached skill level 5 in Fighting
  6997 | D:5      | Reached skill level 1 in Polearms
  7525 | D:5      | Found a staircase to the Ecumenical Temple.
  7677 | D:6      | Reached XP level 9. HP: 54/75 MP: 10/16
  7772 | D:6      | Found an ancient bone altar of Kikubaaqudgha.
  7862 | D:6      | Found Naxeocze's Antique Weapon Boutique.
  8164 | D:7      | Reached skill level 6 in Fighting
  8189 | D:7      | Reached skill level 5 in Spellcasting
  8253 | D:7      | Noticed Menkaure
  8511 | D:7      | Killed Menkaure
  9031 | D:7      | Found the +2 pair of boots of the Assassin {Detection Stab+
                  | Stlth++}
  9238 | D:7      | Found a white marble altar of Elyvilon.
  9246 | D:7      | Found a sparkling altar of Nemelex Xobeh.
  9250 | D:7      | Found a shattered altar of Ashenzari.
  9250 | D:7      | Found a radiant altar of Vehumet.
  9272 | D:7      | Found a shimmering altar of Xom.
  9273 | D:7      | Found a shadowy altar of Dithmenos.
  9822 | D:8      | Reached skill level 7 in Fighting
 10749 | D:9      | Reached XP level 10. HP: 37/86 MP: 10/19
 10947 | D:9      | Found a staircase to the Lair.
 11377 | Temple   | Entered the Ecumenical Temple
 11538 | D:10     | Entered Level 10 of the Dungeon
 11563 | D:10     | Learned a level 2 spell: Song of Slaying
 11657 | D:10     | Reached skill level 5 in Polearms
 11665 | D:10     | Reached skill level 1 in Charms
 11690 | D:10     | HP: 4/88 [yak (12)]
 11692 | D:9      | Mangled by a yak

Levels and vault maps discovered:
D:1:      lemuel_arrival_broad_hall, layout_basic, minmay_3d_cube
D:2:      layout_basic, minivault_4
D:3:      layout_loops_ring, first_ration
D:4:      layout_cave_pools, uniq_sigmund
D:5:      minmay_chambers_of_threes, layout_cave_pools, temple_statues,
          minmay_checkerbox, uniq_grinder, uniq_prince_ribbit1
D:6:      layout_rooms, lemuel_round_altar, serial_shops,
          nicolae_shop_overgrown_old_shop
D:7:      layout_basic, minitemple, uniq_menkaure
D:8:      layout_rooms
D:9:      minmay_spotlight, layout_stronghold, grunt_lair_entry_orc_guard_hut
D:10:     layout_basic
Temple:   nicolae_temple_no_exploring_needed

Skill      XL: |  1  2  3  4  5  6  7  8  9 10 |
---------------+-------------------------------+-----
Conjurations   | 1 2 3 4 |  4.8
Fighting       | 1 2 3 4 5 7 |  7.8
Air Magic      | 3 4 5 |  5.6
Spellcasting   | 2 3 4 6 |  6.2
Polearms       | 2 4 5 |  5.1
Charms         | 1 |  1.4
Dodging        | |  1.3
Stealth        | |  1.1

Action                   |  1- 3 |  4- 6 |  7- 9 | 10-12 || total
-------------------------+-------+-------+-------+-------++-------
Melee: Unarmed           |    20 |       |       |       ||    20
       Kick              |     7 |    17 |    23 |     6 ||    53
       Dagger            |    32 |    89 |       |       ||   121
       Spear             |       |    19 |   123 |    15 ||   157
 Cast: Shock             |    70 |    96 |   298 |    17 ||   481
       Static Discharge  |       |     1 |     8 |       ||     9
       Airstrike         |       |       |     9 |     1 ||    10
       Song of Slaying   |       |       |       |     2 ||     2
  Use: Potion            |     1 |       |       |       ||     1
       Scroll            |       |     6 |    10 |     4 ||    20
  Eat: Ration            |     1 |     2 |     2 |     1 ||     6
       Chunk             |       |     1 |    12 |       ||    13
Armor: Robe              |    45 |    16 |    69 |     2 ||   132
       Ring mail         |       |    18 |       |       ||    18
       Pearl dragon scal |       |    34 |       |       ||    34
       Skin              |       |     1 |       |       ||     1
Dodge: Dodged            |    30 |    53 |    93 |    15 ||   191

Table legend:
 A = Non-vault XP
 B = Vault XP
 C = Vault XP percentage of total XP
 D = Non-vault monster count
 E = Vault monster count
 F = Vault count percentage of total count
                 A         B        C        D         E       F
            +---------+---------+-------+---------+---------+-------
      Total |    4288 |    2079 |  32.7 |     170 |      25 |  12.8
            +---------+---------+-------+---------+---------+-------
        D:1 |      60 |       8 |  11.8 |      22 |       3 |  12.0
        D:2 |     119 |       0 |   0.0 |      31 |       0 |   0.0
        D:3 |     163 |       0 |   0.0 |      26 |       0 |   0.0
        D:4 |     546 |     538 |  49.6 |      13 |       2 |  13.3
        D:5 |     488 |     774 |  61.3 |      21 |      14 |  40.0
        D:6 |     256 |       0 |   0.0 |      11 |       0 |   0.0
        D:7 |     775 |     172 |  18.2 |      12 |       1 |   7.7
        D:8 |     674 |       0 |   0.0 |      20 |       0 |   0.0
        D:9 |     818 |     587 |  41.8 |      12 |       5 |  29.4
       D:10 |     389 |       0 |   0.0 |       2 |       0 |   0.0
            +---------+---------+-------+---------+---------+-------
